cohdb
Replays
Latest Replays
All Replays
Popular Replays
Top Player Replays
Match Explorer
How It Works
Community
CoH3 Stats
Reddit
Sign in to upload your games and track your stats! →
Sign in with Steam
Match 42983895
Unlisted
Match 42983895
Overview
Messages
Build Orders
End
Panzergrenadier Squad
Selects Italian Infantry
250 Light Carrier
Panzergrenadier Squad
Construct Light Support Kompanie
MG34 Team
Fire Support Elements
Tungsten Core Ammunition
Flakvierling Half-track
Selects Guastatori Squad
2.5-tonne Medical Truck
Pak 38 Mechanized Group
Combat Half-tracks
Guastatori Squad
Selects Defensive Operations
Selects Registered Artillery
Flakvierling Half-track
Construct Panzerarmee Kommand
2.5-tonne Medical Truck
Selects Towed Cannone da 105/28 Field Howitzer
Selects Territory Booby Traps
CPU -- Easy
Valar[M]orgHulis
nexnbb
Frenzy
Üc207Pr4f57t9
Aleph
★Kartoffel★Aquiles
Cat Boss
0
0
Comments
sign in to comment!
No comments posted yet!